 Dungeon Crawl Stone Soup version 0.30.0-19-g36f170ea60 (webtiles) character file.

Game seed: 7705841527541610951

2035 nonceun the Cleaver (level 9, -3/75 HPs)
             Began as a Minotaur Berserker on May 25, 2023.
             Was a Priest of Trog.
             Killed from afar by a white imp (4 damage)
             ... with a puff of frost
             ... on level 7 of the Dungeon on May 27, 2023.
             The game lasted 00:17:52 (4549 turns).

nonceun the Cleaver (Minotaur Berserker)            Turns: 4549, Time: 00:17:52

Health: -3/75      AC: 12    Str: 23    XL:     9   Next: 4%
Magic:  8/8        EV:  6    Int:  8    God:    Trog [***...]
Gold:   332        SH: 13    Dex:  9    Spells: 8/8 levels left

rFire   . . .        a - +0 war axe
rCold   . . .        g - +0 tower shield
rNeg    . . .        n - +0 chain mail
rPois   .            (helmet restricted)
rElec   .            q - +0 cloak
rCorr   .            (no gloves)
SInv    .            s - +0 pair of boots
Will    ++...        (no amulet) Stlth
                     (no ring)
HPRegen 1.32/turn    (no ring)
MPRegen 0.11/turn

%: no passive effects
@: lethally poisoned (-3 -> -15), strong-willed (expiring), regenerating
(expiring)
A: horns 2, retaliatory headbutt
a: Renounce Religion, Berserk, Trog's Hand


You were on level 7 of the Dungeon.
You worshipped Trog.
Trog was most pleased with you.
You visited 1 branch of the dungeon, and saw 7 of its levels.

You collected 332 gold pieces.

Inventory:

Hand Weapons
 a - a +0 war axe (weapon)
Armour
 g - a +0 tower shield (worn)
 n - a +0 chain mail (worn)
 q - a +0 cloak (worn)
 s - a +0 pair of boots (worn)
Jewellery
 j - a ring of ice
 x - a ring of fire
Wands
 r - a wand of paralysis (7)
Scrolls
 d - 2 scrolls of enchant weapon {unknown}
 e - 5 scrolls of identify {unknown}
 h - a scroll of teleportation {unknown}
 m - 2 scrolls of fear {unknown}
 t - a scroll of brand weapon {unknown}
 u - a scroll of butterflies {unknown}
 v - a scroll of magic mapping {unknown}
 w - 3 scrolls of blinking {unknown}
 y - a scroll of noise {unknown}
 z - a scroll of torment {unknown}
Potions
 b - a potion of ambrosia {unknown}
 c - a potion of attraction {unknown}
 f - a potion of might {unknown}
 i - a potion of heal wounds {unknown}
 k - 2 potions of degeneration {unknown}
 l - 2 potions of haste {unknown}
 o - 3 potions of lignification {unknown}
 p - 3 potions of curing {unknown}


   Skills:
 * Level 6.2 Fighting
 + Level 10.6 Axes
 * Level 6.1 Armour
 - Level 2.1 Dodging
 * Level 6.2 Shields


You had 8 spell levels left.
You didn't know any spells.
Your spell library contained the following spells:

 Spells                   Type           Power      Damage    Failure   Level
 Sandblast                Erth           0%         2d4       100%        1
 Shock                    Conj/Air       0%         1d3       100%        1
 Cigotuvi's Dreadful Rot  Necr/Pois/Air  0%         N/A       100%        2
 Passwall                 Tmut/Erth      0%         N/A       100%        2
 Stone Arrow              Conj/Erth      0%         3d7       100%        3
 Swiftness                Air            0%         N/A       100%        3
 Airstrike                Air            0%         2d(0-16)  100%        4
 Dispel Undead            Necr           0%         3d6       100%        4
 Death Channel            Necr           0%         N/A       100%        6


Dungeon Overview and Level Annotations

Branches:
Dungeon (7/15)             Temple (0/1) D:6

Altars:
Kikubaaqudgha
Makhleb
Nemelex Xobeh
Qazlal
Sif Muna


Innate Abilities, Weirdness & Mutations

You have a pair of horns on your head.
You reflexively headbutt those who attack you in melee.


Message History

You feel extremely sick. The killer bee barely misses you.
You block the killer bee's attack. The scorpion barely misses you.
The killer bee stings you but does no damage.
The killer bee barely misses you.
You slash the killer bee!
You kill the killer bee!
Trog accepts your kill.
You slash the scorpion!
You kill the scorpion!
Trog accepts your kill.
You barely miss the killer bee.
You feel the effects of Trog's Hand fading.
You feel extremely sick. You block the killer bee's attack.
A white imp comes into view.
The killer bee barely misses you.
The killer bee stings you but does no damage.
You have reached level 9!
Your experience leads to an increase in your attributes!
Increase (S)trength, (I)ntelligence, or (D)exterity?
You feel clever. x2
You barely miss the killer bee. You headbutt the killer bee.
You kill the killer bee!
Trog accepts your kill.
You slash the killer bee!
You feel very sick.
The killer bee stings you but does no damage.
The killer bee stings you.
* * * LOW HITPOINT WARNING * * *
The white imp gestures at you. You block the puff of frost.
A white imp comes into view.
You block the bullfrog's attack. The killer bee stings you!
* * * LOW HITPOINT WARNING * * *
You are more poisoned.
The killer bee poisons you! The white imp gestures at you.
The puff of frost hits you.
You die...

#. ... <..#
########..## .
#....†y....##
#...##....@Fy....#
#....<.###.###.#
###..5.# 5. ##...#
.# #.... .. #...#.
.# #...#.. . #...#
#. ##... ..


You could see a bullfrog, 2 killer bees and 2 white imps.

Vanquished Creatures
  Grinder (D:3)
  Eustachio (D:4)
  2 ice beasts
  A sky beast (D:6)
  2 ogres
  A bullfrog (D:6)
  A gnoll sergeant (D:6)
  2 scorpions
  3 killer bees (D:7)
  A howler monkey (D:4)
  2 orc priests
  A gnoll bouda (D:6)
  A jelly (D:5)
  Crazy Yiuf (D:3)
  Ijyb (D:4)
  A sleepcap (D:6)
  Terence (D:2)
  8 iguanas
  6 orc wizards
  Robin (D:3)
  12 gnolls (D:6)
  4 adders
  2 shadow imps (D:5)
  4 worms
  15 orcs
  9 endoplasms
  4 giant cockroaches
  16 goblins
  10 hobgoblins
  5 jackals (D:3)
  5 kobolds
  A quokka (D:3)
  5 ball pythons
  9 bats
  3 frilled lizards
  5 rats
147 creatures vanquished.

Notes
Turn   | Place    | Note
-------+----------+-------------------------------------------
     0 | D:1      | nonceun the Minotaur Berserker began the quest for the Orb.
     0 | D:1      | Reached XP level 1. HP: 19/19 MP: 0/0
    78 | D:1      | Reached skill level 4 in Axes
   142 | D:1      | Reached XP level 2. HP: 23/26 MP: 1/1
   853 | D:2      | Reached skill level 5 in Axes
   980 | D:2      | Noticed Terence
   992 | D:2      | Killed Terence
   993 | D:2      | Reached XP level 3. HP: 31/31 MP: 2/2
  1261 | D:2      | Reached XP level 4. HP: 28/39 MP: 3/3
  1458 | D:3      | Reached skill level 6 in Axes
  1460 | D:3      | Reached skill level 1 in Shields
  1621 | D:3      | Found an ancient bone altar of Kikubaaqudgha.
  1818 | D:3      | Noticed Grinder
  1819 | D:3      | Found a faded altar of an unknown god.
  1819 | D:3      | Paralysed by Grinder for 4 turns
  1840 | D:3      | Killed Grinder
  1841 | D:3      | Reached skill level 7 in Axes
  1841 | D:3      | Reached XP level 5. HP: 45/45 MP: 4/4
  1841 | D:3      | Reached XP level 6. HP: 51/51 MP: 5/5
  1841 | D:3      | Upgraded the game from 0.30.0-18-gc0e69614cb to
                  | 0.30.0-19-g36f170ea60
  1939 | D:3      | Noticed Robin
  1960 | D:3      | Reached ** piety under Trog
  1975 | D:3      | Killed Robin
  2078 | D:3      | Reached skill level 8 in Axes
  2252 | D:3      | Found a runed translucent door.
  2253 | D:3      | Noticed Crazy Yiuf
  2259 | D:3      | Killed Crazy Yiuf
  2520 | D:4      | Found a stormy altar of Qazlal.
  2612 | D:4      | Noticed an ice beast
  2626 | D:4      | Killed an ice beast
  2627 | D:4      | Reached XP level 7. HP: 59/59 MP: 6/6
  2672 | D:4      | Noticed Ijyb
  2672 | D:4      | Paralysed by Ijyb for 4 turns
  2680 | D:4      | Paralysed by Ijyb for 4 turns
  2684 | D:4      | Killed Ijyb
  2685 | D:4      | Noticed Eustachio
  2708 | D:4      | Killed Eustachio
  2709 | D:4      | Reached skill level 9 in Axes
  2961 | D:4      | Found a shimmering blue altar of Sif Muna.
  3045 | D:5      | Entered Level 5 of the Dungeon
  3102 | D:5      | Reached *** piety under Trog
  3113 | D:5      | Found a burning altar of Makhleb.
  3157 | D:5      | Reached XP level 8. HP: 61/67 MP: 7/7
  3328 | D:5      | Found a sparkling altar of Nemelex Xobeh.
  3576 | D:5      | Reached skill level 5 in Armour
  3587 | D:5      | Reached skill level 5 in Fighting
  3588 | D:5      | Reached skill level 10 in Axes
  3588 | D:5      | Reached skill level 5 in Shields
  4114 | D:6      | Found a staircase to the Ecumenical Temple.
  4549 | D:7      | Reached XP level 9. HP: 18/75 MP: 8/8
  4549 | D:7      | HP: 1/75 [killer bee (7)]
  4549 | D:7      | Killed from afar by a white imp

Illustrated notes

Levels and vault maps discovered:
D:1:      lightli_arrival_noodles, layout_loops_ring,
          nicolae_concentric_dashed_squares_mild
D:2:      layout_basic, corexii_item_surrounded_by_moat, uniq_terence
D:3:      layout_loops_ring, mainiacjoe_overflow_concentric_impassable,
          hellmonk_ecumenical_altar_blasted, serial_bayou_pond_b,
          uniq_crazy_yiuf_cottage, uniq_robin, uniq_grinder
D:4:      layout_rooms, mainiacjoe_overflow_paths, led_sif_pool, uniq_eustachio,
          uniq_ijyb
D:5:      layout_rooms, lemuel_coloured_pillars_altar,
          nemelex_spade_bored_becter, minmay_a_box_with_orc_wizards_in_it
D:6:      layout_rooms, minmay_temple_entry_slanted
D:7:      layout_rooms, st_stairs_3, uniq_menkaure

Skill      XL: |  1  2  3  4  5  6  7  8 |
---------------+-------------------------+-----
Axes           | 4 5 7 8 9 10 | 10.6
Shields        | 3 4 6 |  6.2
Armour         | 3 4 6 |  6.1
Fighting       | 4 6 |  6.2
Dodging        | |  2.1

Action                     |  1- 3 |  4- 6 |  7- 9 || total
---------------------------+-------+-------+-------++-------
  Melee: Hand axe          |    87 |    13 |       ||   100
         Headbutt          |     7 |    18 |    36 ||    61
         War axe           |       |   108 |   201 ||   309
 Invoke: Berserk           |     1 |     3 |     1 ||     5
         Trog's Hand       |       |     2 |     8 ||    10
 Armour: Animal skin       |     4 |       |       ||     4
         Ring mail         |    10 |       |       ||    10
         Chain mail        |    10 |    62 |    91 ||   163
  Dodge: Dodged            |    46 |    43 |    53 ||   142
  Block: Tower shield      |       |       |   111 ||   111
